 Dungeon Crawl Stone Soup version 0.18-a0-1778-gadce9fa (webtiles) character file.

9965 Ijustatesigmund the Grappler (level 11, -8/108 (109) HPs)
             Began as a Troll Hunter on Apr 16, 2016.
             Was a High Priest of Okawaru.
             Mangled by a yak (13 damage)
             ... on level 11 of the Dungeon.
             The game lasted 00:22:45 (6912 turns).

Ijustatesigmund the Grappler (Troll Hunter)         Turns: 6912, Time: 00:22:46

HP:   -8/108 (109)  AC: 12    Str: 25    XL:     11   Next: 30%
MP:   10/10         EV: 12    Int:  7    God:    Okawaru [*****.]
Gold: 489           SH:  0    Dex: 13    Spells: 1 memorised, 9 levels left

rFire  . . .     SeeInvis .       - Unarmed
rCold  . . .     Gourm    +     b - +2 robe
rNeg   . . .     Faith    .     (no shield)
rPois  .         Spirit   .     (helmet restricted)
rElec  .         Dismiss  .     s - +2 cloak
rCorr  .         Reflect  .     (gloves unavailable)
SustAt .         Harm     .     (boots unavailable)
MR     .....                    (no amulet)
Stlth  +.........               D - +2 ring of protection
                                e - +3 ring of strength

@: not resistant to hostile enchantments, very unstealthy
A: unfitting armour, claws 3, fast metabolism 3, gourmand, regeneration 2,
shaggy fur 1, tough skin 2
a: Heroism, Finesse, Renounce Religion


You were on level 11 of the Dungeon.
You worshipped Okawaru.
Okawaru was extremely pleased with you.
You were very full.

You visited 2 branches of the dungeon, and saw 12 of its levels.

You collected 489 gold pieces.

Inventory:

Hand Weapons
 B - a cursed -2 giant spiked club
Missiles
 c - 10 large rocks (quivered)
 d - 2 throwing nets
 y - 12 tomahawks
Armour
 b - a +2 robe (worn)
 s - a +2 cloak (worn)
 O - the +3 hat of Pondering {ponderous, MR+ MP+10 Int+5}
   (You took it off Gastronok on level 10 of the Dungeon)

   It affects your intelligence (+5).
   It affects your resistance to hostile enchantments.
   It affects your magic capacity (+10).
 Q - a steam dragon hide
Jewellery
 e - a +3 ring of strength (left claw)
 m - an uncursed ring of fire
 o - a +5 ring of intelligence
 D - a +2 ring of protection (right claw)
 J - an uncursed ring of sustain attributes
 M - an uncursed ring of stealth {unknown}
Wands
 a - a wand of paralysis (1/24)
 i - a wand of enslavement (14/24)
 k - a wand of disintegration (21/24)
 r - a wand of lightning (0/15)
 t - a wand of confusion (18/48)
 w - a wand of random effects (25/48)
Scrolls
 j - a scroll of fog
 p - a scroll of enchant weapon
 v - 5 scrolls of enchant armour
 I - a scroll of identify
 N - a scroll of remove curse
 P - 3 scrolls of noise {unknown}
Potions
 h - 3 potions of brilliance
 l - 4 potions of flight
 n - a potion of lignification
 u - a potion of ambrosia {unknown}
 x - 2 potions of agility {unknown}
 C - 2 potions of curing
 E - a potion of degeneration {unknown}
 G - a potion of resistance {unknown}
 H - 2 potions of cure mutation
 K - 2 potions of heal wounds {unknown}
Books
 q - a book of Conjurations

   Spells                             Type                      Level
   a - Magic Dart                     Conjuration                  1
   b - Searing Ray                    Conjuration                  2
   c - Dazzling Spray                 Conjuration/Hexes            3
   d - Fulminant Prism                Conjuration/Hexes            4
   e - Iskenderun's Mystic Blast      Conjuration                  4
   f - Iskenderun's Battlesphere      Conjuration/Charms           5
 z - a book of Geomancy

   Spells                             Type                      Level
   a - Sandblast                      Earth                        1
   b - Passwall                       Transmutation/Earth          2
   c - Stone Arrow                    Conjuration/Earth            3
   d - Petrify                        Transmutation/Earth          4
   e - Lee's Rapid Deconstruction     Earth                        5
 F - a book of Battle

   Spells                             Type                      Level
   a - Infusion                       Charms                       1
   b - Shroud of Golubria             Charms/Translocation         2
   c - Song of Slaying                Charms                       2
   d - Spectral Weapon                Hexes/Charms                 3
   e - Regeneration                   Charms/Necromancy            3
Comestibles
 f - 7 bread rations
 g - 6 meat rations
 L - a slice of pizza


   Skills:
 - Level 7.2 Fighting
 - Level 5.4 Throwing
 - Level 5.4 Dodging
 - Level 0.4 Stealth
 + Level 13.3 Unarmed Combat


You had 9 spell levels left.
You knew the following spells:

 Your Spells              Type           Power        Failure   Level  Hunger
a - Magic Dart            Conj           #...         47%         1    ##.....


Dungeon Overview and Level Annotations

Branches:
Dungeon (11/15)            Temple (1/1) D:5            Lair (0/8) D:11
    Orc (0/2) D:9

Altars:
Ashenzari
Cheibriados
Dithmenos
Elyvilon
Fedhas
Gozag
Kikubaaqudgha
Makhleb
Nemelex Xobeh
Okawaru
Pakellas
Qazlal
Ru
Sif Muna
Trog
Vehumet
Xom
Yredelemnul
Zin
The Shining One

Shops:
D:6 %


Innate Abilities, Weirdness & Mutations

You are too large for most types of armour.
You have claws for hands.
Your metabolism is lightning-fast.
You like to eat raw meat.
You heal very quickly.
You are covered in fur (AC +1).
You have very tough skin (AC +2).


Message History

The yak barely misses you. The yak gores you!
* * * LOW HITPOINT WARNING * * *
Drink which item? (? for menu, Esc to quit)
Okay, then.
Evoke which item? (* to show all) (? for menu, Esc to quit)
Zapping:
t - a wand of confusion (will waste charges)
Press: ? - help, Shift-Dir - straight line, f - yak
Aim: a yak (chance to defeat MR: 46%)
The yak appears confused.
Evoking this partially-identified wand wasted a few charges.
The yak gores the yak but does no damage.
Evoke which item? (* to show all) (? for menu, Esc to quit)
Zapping:
t - a wand of confusion {zapped: 3} (will waste charges)
Press: ? - help, Shift-Dir - straight line, f - yak, p - yak
Aim: a yak (chance to defeat MR: 46%)
The yak resists with some effort.
Evoking this partially-identified wand wasted a few charges.
The yak closely misses you. The yak gores you!
You die...

##### # .# .#
#####################.#
.........<......Y.....#
................Y.....#
#...............@YY...#
#..####################
#..# #..# #.)# #%.#
#.รท# #..#
...####################


You could see 4 yaks.

Vanquished Creatures
  Gastronok (D:10)
  Pikel (D:5)
  2 trolls
  6 yaks (D:11)
  2 basilisks (D:11)
  2 wyverns
  A hungry ghost (D:10)
  A steam dragon (D:11)
  A hippogriff (D:10)
  Grum (D:11)
  Menkaure (D:5)
  A soldier ant (D:10)
  2 porcupines (D:11)
  Duvessa (D:5)
  6 orc warriors
  2 ice beasts
  8 ogres
  A necrophage (D:8)
  2 wolves (D:11)
  A centaur (D:6)
  2 big kobolds (D:9)
  A gnoll sergeant (D:9)
  Blork the orc (D:6)
  3 giant frogs
  Dowan (D:5)
  2 scorpions
  15 killer bees
  4 wights (D:7)
  5 howler monkeys
  2 crimson imps (D:5)
  2 centaur zombies
  4 jellies
  4 centaur skeletons
  9 hounds
  2 giant frog skeletons
  3 orc priests
  Crazy Yiuf (D:3)
  7 orc wizards
  Jessica (D:3)
  3 iguanas
  5 worker ants
  A killer bee zombie (D:10)
  A hound skeleton (D:7)
  A howler monkey zombie (D:6)
  4 gnolls (D:9)
  9 adders
  2 river rats (D:11)
  5 shadow imps
  An adder zombie (D:7)
  An adder skeleton (D:7)
  2 worms
  4 dart slugs
  5 giant geckos
  35 orcs
  7 giant cockroaches
  10 goblins
  3 hobgoblins
  13 jackals
  3 quokkas
  A ball python (D:8)
  5 bats
  A giant gecko zombie (D:8)
  5 giant newts
  10 kobolds
  A quokka zombie (D:5)
  5 rats
255 creatures vanquished.

Vanquished Creatures (others)
  A sky beast (D:5)
  A lightning spire (D:4)
  A shadow imp (D:5)
  A worm (D:5)
  A giant gecko (D:5)
  3 bushes
  2 fungi (D:11)
  9 plants (D:11)
19 creatures vanquished.

Grand Total: 274 creatures vanquished

Notes
Turn   | Place    | Note
--------------------------------------------------------------
     0 | D:1      | Ijustatesigmund the Troll Hunter began the quest for the Orb.
     0 | D:1      | Reached XP level 1. HP: 19/19 MP: 0/0
    91 | D:1      | Reached skill level 1 in Unarmed Combat
   127 | D:1      | Reached XP level 2. HP: 24/28 MP: 1/1
   718 | D:2      | Reached XP level 3. HP: 34/36 MP: 2/2
   821 | D:2      | Reached skill level 2 in Unarmed Combat
  1117 | D:3      | Reached XP level 4. HP: 44/44 MP: 3/3
  1218 | D:3      | Found a stormy altar of Qazlal.
  1265 | D:3      | Noticed Jessica
  1266 | D:3      | Killed Jessica
  1274 | D:3      | Found a deep blue altar of Sif Muna.
  1333 | D:3      | Found a faded altar to an unknown god.
  1493 | D:3      | Noticed Crazy Yiuf
  1493 | D:3      | Killed Crazy Yiuf
  1493 | D:3      | Reached skill level 3 in Unarmed Combat
  1493 | D:3      | Reached XP level 5. HP: 53/53 MP: 4/4
  2004 | D:4      | Found a shadowy altar of Dithmenos.
  2070 | D:4      | Reached XP level 6. HP: 61/62 MP: 5/5
  2149 | D:4      | Found an oddly glowing altar of Pakellas.
  2150 | D:4      | Noticed a fire dragon
  2224 | D:4      | Reached skill level 4 in Unarmed Combat
  2309 | D:5      | Entered Level 5 of the Dungeon
  2380 | D:5      | Learned a level 1 spell: Magic Dart
  2414 | D:5      | Noticed Menkaure
  2416 | D:5      | Killed Menkaure
  2416 | D:5      | Reached XP level 7. HP: 70/70 MP: 6/6
  2486 | D:5      | Found a staircase to the Ecumenical Temple.
  2491 | D:5      | Noticed Pikel
  2502 | D:5      | Killed Pikel
  2502 | D:5      | Reached skill level 5 in Fighting
  2502 | D:5      | Reached skill level 5 in Throwing
  2502 | D:5      | Reached skill level 5 in Unarmed Combat
  2509 | Temple   | Entered the Ecumenical Temple
  2613 | Temple   | Became a worshipper of Warmaster Okawaru
  2634 | D:5      | Reached XP level 8. HP: 80/80 MP: 7/7
  2876 | D:5      | Reached skill level 6 in Unarmed Combat
  2893 | D:5      | Reached * piety under Okawaru
  3041 | D:5      | Noticed Duvessa
  3043 | D:5      | Noticed Dowan
  3045 | D:5      | Killed Duvessa
  3047 | D:5      | Killed Dowan
  3603 | D:6      | Found Bouppoci's Food Boutique.
  3608 | D:6      | Noticed Blork the orc
  3612 | D:6      | Killed Blork the orc
  3612 | D:6      | Reached skill level 7 in Unarmed Combat
  3616 | D:6      | Reached XP level 9. HP: 81/89 MP: 8/8
  3881 | D:7      | Reached ** piety under Okawaru
  4046 | D:7      | Found an oddly glowing altar of Pakellas.
  4046 | D:7      | Found a burning altar of Makhleb.
  4297 | D:7      | Found a sacrificial altar of Ru.
  4349 | D:8      | Found a basalt altar of Yredelemnul.
  4349 | D:8      | Found a glowing golden altar of the Shining One.
  4484 | D:8      | Reached skill level 8 in Unarmed Combat
  4498 | D:8      | Reached skill level 5 in Dodging
  4585 | D:8      | Found a snail-covered altar of Cheibriados.
  4586 | D:8      | Found a glowing silver altar of Zin.
  4586 | D:8      | Found a white marble altar of Elyvilon.
  4591 | D:8      | Found a stormy altar of Qazlal.
  4592 | D:8      | Found a radiant altar of Vehumet.
  4621 | D:8      | Reached *** piety under Okawaru
  5002 | D:9      | Reached XP level 10. HP: 80/101 MP: 9/9
  5118 | D:9      | Reached skill level 9 in Unarmed Combat
  5230 | D:9      | Found a staircase to the Orcish Mines.
  5419 | D:9      | Reached skill level 10 in Unarmed Combat
  5634 | D:9      | Reached **** piety under Okawaru
  5764 | D:10     | Entered Level 10 of the Dungeon
  6074 | D:10     | Reached skill level 11 in Unarmed Combat
  6149 | D:10     | Received a gift from Okawaru
  6217 | D:10     | Noticed Gastronok
  6242 | D:10     | Killed Gastronok
  6242 | D:10     | Received a gift from Okawaru
  6242 | D:10     | Reached ***** piety under Okawaru
  6242 | D:10     | Reached skill level 12 in Unarmed Combat
  6242 | D:10     | Reached XP level 11. HP: 42/108 MP: 10/10
  6545 | D:11     | Noticed Grum
  6560 | D:11     | Killed Grum
  6621 | D:11     | Received a gift from Okawaru
  6630 | D:11     | Reached skill level 13 in Unarmed Combat
  6639 | D:11     | HP: 5/108 [yak (1)]
  6878 | D:11     | Found a staircase to the Lair.
  6910 | D:11     | HP: 4/108 [yak (8)]
  6912 | D:11     | Mangled by a yak

Vault maps used:
D:1:      dpeg_arrival_more_subterranean_lakeside_camping
D:3:      tgw_sif, ecumenical_altar_1, grunt_qazlal_clouds,
          uniq_crazy_yiuf_cottage
D:4:      nicolae_dithmenos_shadow_blocks, first_bread,
          gammafunk_pakellas_spire_experiment
D:5:      minmay_temple_entry_mist, kennysheep_generic_room_13, uniq_duvessa,
          uniq_menkaure, uniq_pikel
D:6:      serial_shops, shop, uniq_blork_the_orc
D:7:      lemuel_doored_altar, gammafunk_temple_overflow_statue
D:8:      grunt_temple_overflow_open
D:9:      kennysheep_orc_monster_closet_entryway
D:10:     uniq_gastronok
D:11:     minmay_lair_entry_grove, uniq_grum, uniq_fannar, uniq_snorg
Temple:   nicolae_temple_figure_zero

Skill      XL: |  1  2  3  4  5  6  7  8  9 10 11 |
---------------+----------------------------------+-----
Unarmed Combat | 1 2 3 4 5 7 8 12 13 | 13.3
Fighting       | 2 3 4 5 6 7 |  7.2
Throwing       | 4 5 |  5.4
Dodging        | 3 5 |  5.4
Stealth        | |  0.4

Action                   |  1- 3 |  4- 6 |  7- 9 | 10-12 || total
-------------------------+-------+-------+-------+-------++-------
Melee: Unarmed           |   109 |   112 |   291 |   239 ||   751
       Punch             |     2 |     2 |     7 |    11 ||    22
Throw: Large rock        |       |     4 |     9 |     9 ||    22
Invok: Heroism           |       |       |     4 |     6 ||    10
Evoke: Wand              |       |       |     6 |     4 ||    10
  Use: Scroll            |     7 |     8 |     6 |     3 ||    24
       Potion            |       |     1 |     3 |     2 ||     6
 Stab: Sleeping          |     1 |     2 |       |     1 ||     4
  Eat: Chunk             |    15 |    11 |    25 |    21 ||    72
Armor: Robe              |    45 |    68 |   144 |    63 ||   320
Dodge: Dodged            |    52 |    79 |   190 |   131 ||   452
